 Dungeon Crawl Stone Soup version 0.31-a0-187-gba352fbbf7 (webtiles) character file.

Game seed: 1372123356754114663

11 qw the Shooter (level 2, 0/16 HPs)
             Began as a Deep Elf Hunter on June 22, 2023.
             Succumbed to their own poison gas
             ... on level 1 of the Dungeon.
             The game lasted 00:00:13 (910 turns).

qw the Shooter (Deep Elf Hunter)                     Turns: 910, Time: 00:00:15

Health: 0/16       AC:  7    Str:  8    XL:     2   Next: 17%
Magic:  4/4        EV: 10    Int: 13    God:
Gold:   9          SH:  0    Dex: 18    Spells: 1/1 levels left

rFire   . . .        Y - +0 shortbow
rCold   . . .        (shield currently unavailable)
rNeg    . . .        g - +0 ring mail
rPois   .            o - +0 helmet
rElec   .            n - +0 cloak
rCorr   .            (no gloves)
SInv    .            (no boots)
Will    +....        (no amulet)
Stlth   +            h - +4 ring of slaying {mikee}
HPRegen 0.22/turn    (no ring)
MPRegen 0.09/turn

%: no passive effects
@: lethally poisoned (0 -> -5), enlightened, flying
A: no striking features
a: no special abilities


You were on level 1 of the Dungeon.
You visited 1 branch of the dungeon, and saw 1 of its levels.

You collected 9 gold pieces.


   Skills:
 - Level 1.5 Fighting
 + Level 6.0 Ranged Weapons
 - Level 2.4 Dodging
 - Level 1.2 Stealth


You had one spell level left.
You didn't know any spells.
Your spell library was empty.

Inventory:

Hand Weapons
 Y - a +0 shortbow (weapon)
Armour
 g - a +0 ring mail (worn)
 n - a +0 cloak (worn)
 o - a +0 helmet (worn)
Jewellery
 h - a +4 ring of slaying (left hand) {mikee}
Potions
 d - a potion of haste {unknown}
 e - a potion of mutation {unknown}
 f - a potion of heal wounds
 i - a potion of enlightenment

Dungeon Overview and Level Annotations

Branches:
Dungeon (1/15)

Altars:


Message History

902 ||| DRINKING 2 sedimented green potions.
It was a potion of heal wounds.
You feel much better.
Done exploring.
903 ||| DRINKING 2 cyan potions.
It was a potion of enlightenment.
You feel very buoyant.
You fly up into the air.
Done exploring.
904 ||| DROPPING scroll of butterflies.
You drop a scroll of butterflies.
Done exploring.
(D) Dungeon
Where to? (* - list waypoints, ? - help)
What level of the Dungeon? (default 1, ? - help) Sorry, I don't know how to get there.
Enter note:
Enter note:
Enter note:
Enter note:
Enter note:
Enter note:
Enter note:
Enter note:
Enter note:
Enter note:
Enter note:
Enter note: Really fly into that cloud of poison gas?
You are engulfed in poison gas.
You are lethally poisoned!
You feel very sick.
906 ||| Stepping ~*~*~tactically~*~*~ (cloud).
You feel very sick.
You see here a scroll of butterflies.
There is a lethal amount of poison in your body!
You feel very sick.
There is a lethal amount of poison in your body!
You feel sick.
There is a lethal amount of poison in your body!
You feel sick.
There is a lethal amount of poison in your body!
You die...

######.## #0# #¤# #¤# #¤# #¤#
#¤# ##0## ##00@## #########
##¤0¤0¤# ##.......#
#########0#¤¤¤####...####.#
#......0¤¤0#0####)#.#.###.#
#.#####.#¤#0¤###.##.##....# #.#
#.##0.0¤.......##..###
####.#####.###0¤###.#####.##
#.........#.#....###.###..#####
#......>..##......###.........#


There were no monsters in sight!

Vanquished Creatures
  A giant cockroach (D:1)
  2 goblins (D:1)
  A hobgoblin (D:1)
  A bat (D:1)
  2 frilled lizards (D:1)
  2 kobolds (D:1)
  3 rats (D:1)
12 creatures vanquished.

Notes
Turn   | Place    | Note
-------+----------+-------------------------------------------
     0 | D:1      | qw the Deep Elf Hunter began the quest for the Orb.
     0 | D:1      | Reached XP level 1. HP: 12/12 MP: 3/3
     0 | D:1      | 0 ||| qw: Version: 0.3-a-9-g12657ce
     0 | D:1      | 0 ||| qw: Game counter: 2545
     0 | D:1      | 0 ||| qw: Always use a shield: true
     0 | D:1      | 0 ||| qw: God list: Okawaru
     0 | D:1      | 0 ||| qw: Allow faded altars: false
     0 | D:1      | 0 ||| qw: Do Orc after D:15 true
     0 | D:1      | 0 ||| qw: Do second Lair branch before Depths: true
     0 | D:1      | 0 ||| qw: Lair rune preference: random
     0 | D:1      | 0 ||| qw: Plans: Normal
     0 | D:1      | 0 ||| PLANNING D:1-11
   630 | D:1      | Reached skill level 6 in Ranged Weapons
   630 | D:1      | Reached XP level 2. HP: 16/16 MP: 4/4
   771 | D:1      | 771 ||| UPGRADING to +0 ring mail.
   781 | D:1      | 781 ||| DROPPING +0 leather armour.
   782 | D:1      | 782 ||| UPGRADING to +0 cloak.
   787 | D:1      | 787 ||| UPGRADING to +0 helmet.
   792 | D:1      | 792 ||| UPGRADING to +4 ring of slaying {mikee}.
   793 | D:1      | 793 ||| READING scroll labelled CANINN PATAE.
   794 | D:1      | 794 ||| READING scroll labelled NATOKL CU DASHRAI.
   799 | D:1      | 799 ||| READING scroll labelled LUOLEN MUPS.
   800 | D:1      | 800 ||| READING scroll labelled NASUNEP REIVUBB.
   901 | D:1      | 901 ||| READING scroll labelled VYEMAG XAFRARI.
   902 | D:1      | 902 ||| DRINKING 2 sedimented green potions.
   903 | D:1      | 903 ||| DRINKING 2 cyan potions.
   904 | D:1      | 904 ||| DROPPING scroll of butterflies.
   906 | D:1      | 906 ||| Stepping ~*~*~tactically~*~*~ (cloud).
   908 | D:1      | HP: 3/16 [poisoned by you (poison gas)]
   910 | D:1      | Succumbed to their own poison gas

Levels and vault maps discovered:
D:1:      tarquinn_simple_flora_water_d, layout_loops_corners

Skill      XL: |  1 |
---------------+----+-----
Ranged Weapons | 6 |  6.0
Fighting       | |  1.5
Dodging        | |  2.4
Stealth        | |  1.2

Action                     || total
---------------------------++-------
   Fire: Shortbow          ||    33
    Use: Scroll            ||     5
         Potion            ||     2
 Armour: Leather armour    ||     4
  Dodge: Dodged            ||     8

Table legend:
 A = Non-vault XP
 B = Vault XP
 C = Vault XP percentage of total XP
 D = Non-vault monster count
 E = Vault monster count
 F = Vault count percentage of total count
                 A         B        C        D         E       F
            +---------+---------+-------+---------+---------+-------
      Total |      17 |       0 |   0.0 |      12 |       0 |   0.0
            +---------+---------+-------+---------+---------+-------
        D:1 |      17 |       0 |   0.0 |      12 |       0 |   0.0
            +---------+---------+-------+---------+---------+-------
